AoeStats
← Svenski

Four Lakes

509874616Analyzed
1v1 RM · 3d ago on Sep 28, 2026· 43m 41s· 2 players
Game mode
Random Map
Map size
Tiny (2 player)
Population
200
Speed
Normal
Resources
Standard
Victory
Conquest
Starting age
Dark Age
Ending age
Imperial Age
RankedLock teamsTeams togetherTeam positionsShared explorationLock speedFull tech treeHidden civsTurbo modeCheats
Victory
Defeat
🇧🇪 Bulgarians · Belgium
1152
+16
🇨🇳 Huns · China
1147
-16
口子哥
8:21 Loom
10:45 Feudal Age
11:40 Fishing Lines
16:07 Fletching
17:07 Padded Archer Armor
25:19 Castle Age
23:30 Scale Mail Armor
26:16 Wheelbarrow
25:34 Crossbowman
26:22 Pikeman
28:33 Thumb Ring
31:43 Forging
31:29 Bodkin Arrow
35:32 Leather Archer Armor
38:06 Iron Casting
37:47 Chain Mail Armor
38:29 Bloodlines
40:15 Scale Barding Armor
44:21 Chain Barding Armor
Svenski
10:26 Loom
12:21 Feudal Age
13:41 Town Watch
13:51 Gold Mining
13:48 Double-Bit Axe
15:22 Forging
15:12 Scale Mail Armor
17:04 Scale Barding Armor
19:31 Castle Age
20:02 Bloodlines
21:34 Squires
22:51 Chain Barding Armor
22:55 Husbandry
26:15 Wheelbarrow
25:52 Bow Saw
26:20 Gold Shaft Mining
25:35 Stone Mining
26:58 Gambesons
26:59 Arson
28:14 Iron Casting
29:57 Chain Mail Armor
32:49 Horse Collar
35:05 Fletching
35:25 Stirrups
37:17 Padded Archer Armor
37:12 Bodkin Arrow
37:57 Stone Shaft Mining
37:35 Elite Skirmisher
38:21 Thumb Ring
38:29 Heavy Plow
43:31 Imperial Age
41:19 Hand Cart
41:06 Town Patrol
41:06 Light Cavalry
44:48 Plate Barding Armor
45:13 Blast Furnace
Connection lost

Rejoining the realm…

Still unreachable

The connection could not be restored.

Session expired

The server has moved on; the page needs a fresh start.